 Dungeon Crawl Stone Soup version 0.31-a0-1071-gaead2f62b1 (webtiles) character file.

Game seed: 7985483705634595999

46 Lobster4 the Firebug (level 3, -5/28 HPs)
             Began as a Hill Orc Fire Elementalist on Nov 25, 2023.
             Slain by Terence
             ... wielding a +0 short sword
              (7 damage)
             ... on level 2 of the Dungeon.
             The game lasted 00:03:53 (2129 turns).

Lobster4 the Firebug (Hill Orc Fire Elementalist)   Turns: 2129, Time: 00:03:54

Health: -5/28      AC:  2    Str: 12    XL:     3   Next: 66%
Magic:  5/5        EV: 12    Int: 15    God:
Gold:   60         SH:  0    Dex: 11    Spells: 2/5 levels left

rFire   . . .        h - +0 war axe
rCold   . . .        (no shield)
rNeg    . . .        a - +0 robe
rPois   .            (no helmet)
rElec   .            (no cloak)
rCorr   .            (no gloves)
SInv    .            (no boots)
Will    .....        (no amulet)
Stlth   ++           (no ring)
HPRegen 0.24/turn    (no ring)
MPRegen 0.09/turn

%: no passive effects
@: no status effects
A: no striking features
a: no special abilities


You were on level 2 of the Dungeon.
You visited 1 branch of the dungeon, and saw 2 of its levels.

You collected 60 gold pieces.

Inventory:

Hand Weapons
 h - a +0 war axe (weapon)
Missiles
 c - a throwing net
 l - 6 atropa-tipped darts
 n - a stone
Armour
 a - a +0 robe (worn)
 g - an orb of wrath
 i - a +0 leather armour
 p - a +0 ring mail
Scrolls
 d - a scroll of enchant weapon {unknown}
 e - 2 scrolls of identify {unknown}
 o - a scroll of immolation {unknown}
Potions
 f - a potion of haste {unknown}
 j - a potion of curing {unknown}
 k - a potion of might {unknown}
 m - a potion of invisibility {unknown}
 q - 2 potions of brilliance {unknown}


   Skills:
 + Level 1.2 Fighting
 + Level 1.1 Axes
 + Level 1.2 Armour
 - Level 1.5 Dodging
 - Level 1.5 Stealth
 + Level 1.8 Spellcasting
 + Level 1.7 Conjurations
 + Level 3.6 Fire Magic


You had 2 spell levels left.
You knew the following spells:

 Your Spells              Type           Power      Damage    Failure   Level
a - Foxfire               Conj/Fire      36%        2x1d5     8%          1
b - Scorch                Fire           24%        2d6       8%          2

Your spell library contained the following spells:

 Spells                   Type           Power      Damage    Failure   Level
 Inner Flame              Hex/Fire       6%         N/A       32%         3
 Volatile Blastmotes      Fire/Tloc      12%        2d11      32%         3
 Flame Wave               Conj/Fire      9%         2d6       58%         4


Dungeon Overview and Level Annotations

Branches:
Dungeon (2/15)

Altars:
Fedhas

Annotations:
D:2 Terence


Message History

You conjure some foxfire!
The foxfire hits Terence.
Terence is heavily wounded.
The foxfire hits Terence but does no damage.
Terence is heavily wounded.
Unknown command.
Casting: Foxfire (safe; 8% risk of failure)
Confirm with . or Enter, or press ? or * to list all spells.
You don't have enough magic to cast this spell.
Casting: Foxfire (safe; 8% risk of failure)
Confirm with . or Enter, or press ? or * to list all spells.
You conjure some foxfire!
The foxfire hits Terence.
Terence is heavily wounded.
The foxfire hits Terence.
Terence is almost dead.
Terence hits you with a +0 short sword.
Unknown command.
Casting: Foxfire (safe; 8% risk of failure)
Confirm with . or Enter, or press ? or * to list all spells.
You don't have enough magic to cast this spell.
Your foxfire dissipates!
The foxfire hits Terence but does no damage.
Terence is almost dead.
Terence attacks as he pursues you! Terence hits you with a +0 short sword.
You hit Terence.
Terence is almost dead.
Terence hits you with a +0 short sword. x2
You hit Terence but do no damage. You punch Terence, but do no damage.
Terence is almost dead.
Terence closely misses you.
You hit Terence but do no damage.
Terence is almost dead.
Terence hits you with a +0 short sword. x2
* * * LOW HITPOINT WARNING * * *
Magic courses through your body. Terence hits you with a +0 short sword.
* * * LOW HITPOINT WARNING * * *
Casting: Foxfire (safe; 8% risk of failure)
Confirm with . or Enter, or press ? or * to list all spells.
You conjure some foxfire!
Terence hits you with a +0 short sword!
You die...
Terence says, "Rest in peace."

#.# #.. #### ######.# #.# .....
#... ..# ########..
.....####.####.#########........#
........@...##.#.........######.#
.....#.##.#.........###..# #.#
.... #.##.###....##.###..#### #.#
##.# #.##......v.##.........# #..
#.# #.######..@@######..##.###..
##.###.# ##.#.v..............#
.......# #.############.<.###
##.##### #.# #...# #.# ##'##
##.## #.# ##...## #.# #.###
##.....## ### #.# #.#.##
#.......## ##.###.#
#....####.........####...##.####


You could see Terence (ally target).

Vanquished Creatures
  An adder (D:2)
  A worm (D:2)
  3 dart slugs (D:2)
  4 endoplasms (D:1)
  3 giant cockroaches (D:1)
  3 goblins
  4 hobgoblins
  A quokka (D:1)
  A frilled lizard (D:1)
  3 kobolds
  2 rats
26 creatures vanquished.

Vanquished Creatures (others)
  113 foxfires
113 creatures vanquished.

Grand Total: 139 creatures vanquished

Notes
Turn   | Place    | Note
-------+----------+-------------------------------------------
     0 | D:1      | Lobster4 the Hill Orc Fire Elementalist began the quest for
                  | the Orb.
     0 | D:1      | Reached XP level 1. HP: 14/14 MP: 3/3
   418 | D:1      | Reached XP level 2. HP: 22/22 MP: 1/4
   536 | D:1      | Learned a level 2 spell: Scorch
   931 | D:1      | Found a faded altar of an unknown god.
  1148 | D:1      | Found a blossoming altar of Fedhas.
  1247 | D:2      | Reached skill level 1 in Fighting
  1247 | D:2      | Reached skill level 1 in Armour
  1247 | D:2      | Reached XP level 3. HP: 25/28 MP: 1/5
  1705 | D:2      | Reached skill level 1 in Axes
  2109 | D:2      | Noticed Terence
  2129 | D:2      | Slain by Terence

Illustrated notes

Levels and vault maps discovered:
D:1:      dpeg_arrival_water_altar, layout_loops_ring,
          dreamdust_ecumenical_altar_angels_and_demons
D:2:      layout_loops_corners, st_stairs_4, uniq_terence

Skill      XL: |  1  2  3 |
---------------+----------+-----
Fighting       | 1 |  1.2
Armour         | 1 |  1.2
Axes           | 1 |  1.1
Dodging        | |  1.5
Stealth        | |  1.5
Spellcasting   | |  1.8
Conjurations   | |  1.7
Fire Magic     | |  3.6

Action                     || total
---------------------------++-------
  Melee: Unarmed           ||     1
         War axe           ||    15
         Punch             ||     1
   Cast: Foxfire           ||    72
    Use: Potion            ||     1
 Armour: Robe              ||    22
  Dodge: Dodged            ||    14

Table legend: (Time is in decaauts)
 A = Elapsed time spent in this place.
 B = Non-inter-level travel time spent in this place.
 C = Inter-level travel time spent in this place.
 D = Time resting spent in this place.
 E = Time spent auto-exploring this place.
 F = Levels seen in this place.
 G = Mean time per level.
                   A        B        C        D        E       F      G
               +--------+--------+--------+--------+--------+-----+--------+
         Total |   2138 |   2112 |     26 |     35 |   1781 |   2 | 1069.0 |
       Dungeon |   2138 |   2112 |     26 |     35 |   1781 |   2 | 1069.0 |
               +--------+--------+--------+--------+--------+-----+--------+

Top non-repeatable levels by time:
     D:1: 1183 daAuts
     D:2: 955 daAuts
